 Dungeon Crawl Stone Soup version 0.29-a0-512-gf59ac788ac (webtiles) character file.

Game seed: 2215812109573146249

4 Spectrina the Ducker (level 1, -1/13 HPs)
             Began as a Deep Elf Monk on May 29, 2022.
             Was a Believer of the Shining One.
             Slain by a hobgoblin (3 damage)
             ... on level 1 of the Dungeon.
             The game lasted 00:00:52 (130 turns).

Spectrina the Ducker (Deep Elf Monk)                 Turns: 130, Time: 00:00:52

Health: -1/13      AC:  2    Str:  8    XL:     1   Next: 50%
Magic:  3/3        EV: 13    Int: 14    God:    the Shining One [**....]
Gold:   36         SH:  0    Dex: 17    Spells: 0/0 levels left

rFire   . . .      SeeInvis .   a - +0 falchion
rCold   . . .      Faith    .   (no shield)
rNeg    + . .      Spirit   .   b - +0 robe
rPois   .          Reflect  .   (no helmet)
rElec   .          Harm     .   (no cloak)
rCorr   .          Rampage  .   (no gloves)
Will    .....                   (no boots)
Stlth   +.........              (no amulet)
HPRegen 0.04/turn               (no ring)
MPRegen 0.08/turn               (no ring)

@: glowing
A: no striking features
a: Renounce Religion, Divine Shield


You were on level 1 of the Dungeon.
You worshipped the Shining One.
The Shining One was pleased with you.
You visited 1 branch of the dungeon, and saw 1 of its levels.

You collected 36 gold pieces.

Inventory:

Hand Weapons
 a - a +0 falchion (weapon)
Missiles
 d - 50 stones (quivered)
Armour
 b - a +0 robe (worn)
Scrolls
 g - a scroll of teleportation {unknown}
Potions
 c - a potion of ambrosia
 e - a potion of magic {unknown}
 f - 2 potions of resistance {unknown}
 h - a potion of curing {unknown}
 i - a potion of haste {unknown}


   Skills:
 - Level 2.4 Fighting
 + Level 3.0 Long Blades
 - Level 3.6 Dodging
 - Level 2.4 Stealth
 * Level 0.0 Invocations


You couldn't memorise any spells.
You didn't know any spells.
Your spell library was empty.

Dungeon Overview and Level Annotations

Branches:
Dungeon (1/15)

Altars:
The Shining One


Message History

You kill the frilled lizard!
Found 13 gold pieces and 22 stones.
g - a scroll labelled BEIRER ZAIBEH
Found a stone staircase leading down.
The shining eye turns its gaze towards you.
You now have 13 gold pieces.
h - a brown potion You now have 23 gold pieces (gained 10).
You now have 36 gold pieces (gained 13).
A frilled lizard comes into view.
The frilled lizard hisses angrily.
The frilled lizard bites you.
You hit the frilled lizard.
You kill the frilled lizard!
Your Long Blades skill increases to level 3!
Found a white potion and 17 stones.
i - a white potion
d - 28 stones (gained 17)
The shining eye turns its gaze towards you.
The eye of devastation turns its gaze towards you.
The floating eye turns its gaze towards you.
d - 50 stones (gained 22)
A hobgoblin comes into view.
A frilled lizard comes into view.
Found a short sword.
The frilled lizard hisses angrily.
The frilled lizard bites you but does no damage.
Unknown command.
You barely miss the frilled lizard. The frilled lizard misses you.
You hit the frilled lizard.
The frilled lizard is heavily wounded.
The hobgoblin hits you. The frilled lizard bites you. x2
* * * LOW HITPOINT WARNING * * *
The hobgoblin hits you.
* * * LOW HITPOINT WARNING * * *
Unknown command.
You closely miss the frilled lizard.
The frilled lizard is heavily wounded.
The hobgoblin hits you.
You die...

###. #####
.....##########...#
..................#
#...#.#...#......#
#.#...#.#.......#
#.....#...#....#####
#.....#..#.........##
#..g..###...#..#.#.##
#..#..@#..#..#.........
#...#l#...###.....###..
..#...#...#...#....#G#[.
#..#..#.....#...###..
..# ###.........†.....
..# #..#.....#.#....._
..# #...#...#.........
## #.#...###.....###..
#...#..#..#....#G#..


You could see a hobgoblin and a frilled lizard.

Vanquished Creatures
  An endoplasm (D:1)
  3 frilled lizards (D:1)
  A rat (D:1)
5 creatures vanquished.

Notes
Turn   | Place    | Note
-------+----------+-------------------------------------------
     0 | D:1      | Spectrina the Deep Elf Monk began the quest for the Orb.
     0 | D:1      | Reached XP level 1. HP: 13/13 MP: 3/3
    30 | D:1      | Noticed an eye of devastation
    34 | D:1      | Found a faded altar of an unknown god.
    35 | D:1      | Noticed a floating eye
    35 | D:1      | Noticed an eye of devastation
    35 | D:1      | Noticed a shining eye
    42 | D:1      | Prayed at the altar of an unknown god.
    42 | D:1      | Became a worshipper of the Shining One
    42 | D:1      | Reached * piety under the Shining One
    42 | D:1      | Reached ** piety under the Shining One
   130 | D:1      | Slain by a hobgoblin

Illustrated notes

Levels and vault maps discovered:
D:1:      dpeg_arrival_rooms_b, layout_loops_ring,
          hellmonk_ecumenical_altar_watching_god, serial_shops, shop,
          nicolae_shop_hallway_plus, minmay_splitting_lines

Skill      XL: |  1 |
---------------+----+-----
Long Blades    | 3 |  3.0
Fighting       | |  2.4
Dodging        | |  3.6
Stealth        | |  2.4

Action                   || total
-------------------------++-------
Melee: Falchion          ||    13
Armor: Robe              ||     2
Dodge: Dodged            ||     7

Table legend: (Time is in decaauts)
 A = Elapsed time spent in this place.
 B = Non-inter-level travel time spent in this place.
 C = Inter-level travel time spent in this place.
 D = Time resting spent in this place.
 E = Time spent auto-exploring this place.
 F = Levels seen in this place.
 G = Mean time per level.
                   A        B        C        D        E       F      G
               +--------+--------+--------+--------+--------+-----+--------+
         Total |    132 |    132 |      0 |      0 |      0 |   1 |  132.0 |
       Dungeon |    132 |    132 |      0 |      0 |      0 |   1 |  132.0 |
               +--------+--------+--------+--------+--------+-----+--------+

Top non-repeatable levels by time:
     D:1: 132 daAuts
